 Dungeon Crawl Stone Soup version 0.30.0-29-ga12c61a403 (webtiles) character file.

Game seed: 523575095453513243

4 soylentgreeen202 the Trooper (level 1, 18/18 HPs)
             Began as a Mummy Berserker on June 7, 2023.
             Was a Follower of Trog.
             Safely got out of the dungeon.
             The game lasted 00:02:20 (151 turns).

soylentgreeen202 the Trooper (Mummy Berserker)       Turns: 151, Time: 00:02:21

Health: 18/18      AC:  2    Str: 20    XL:     1   Next: 58%
Magic:  1/1        EV: 12    Int:  6    God:    Trog [*.....]
Gold:   34         SH:  0    Dex: 11    Spells: 0/0 levels left

rFire   x . .        a - +0 mace
rCold   + . .        (no shield)
rNeg    + + +        b - +0 animal skin
rPois   ∞            (no helmet)
rElec   .            (no cloak)
rCorr   .            (no gloves)
SInv    .            (no boots)
Will    .....        (no amulet)
Stlth   +            (no ring)
HPRegen 0.23/turn    (no ring)
MPRegen 0.07/turn

%: faith
@: no status effects
A: cold resistance 1, negative energy resistance 3, torment resistance 2, heat
vulnerability 1, no potions, faith
a: Renounce Religion


You escaped.
You worshipped Trog.
Trog was aware of your devotion.
You visited 1 branch of the dungeon, and saw 1 of its levels.

You collected 34 gold pieces.

Inventory:

Hand Weapons
 a - a +0 mace (weapon)
Armour
 b - a +0 animal skin (worn)
Scrolls
 c - a scroll of fear {unknown}
 d - a scroll of immolation {unknown}
 e - a scroll of noise {unknown}
 f - a scroll of teleportation {unknown}


   Skills:
 - Level 3.0 Fighting
 + Level 2.4 Maces & Flails
 * Level 1.7 Armour
 * Level 1.7 Dodging


You couldn't memorise any spells.
You didn't know any spells.
Your spell library contained the following spells:

 Spells                   Type           Power      Damage    Failure   Level
 Animate Dead             Necr           0%         N/A       99%         4
 Borgnjor's Vile Clutch   Necr/Erth      0%         N/A       100%        5
 Death Channel            Necr           0%         N/A       100%        6


Dungeon Overview and Level Annotations

Branches:
Dungeon (1/15)

Altars:


Innate Abilities, Weirdness & Mutations

You are immune to poison.
Your flesh is cold resistant. (rC+)
You are immune to negative energy. (rN+++)
You are immune to unholy pain and torment.
You are vulnerable to heat. (rF-)
You do not drink.
You have a special connection with the divine. (Faith)


Message History

Found 10 gold pieces.
You now have 10 gold pieces.
You open the door.
There is an open door here.
As you open the door, it creaks loudly!
There is an open door here.
A kobold comes into view. It is wielding a +0 whip.
Found 17 gold pieces.
There is an open door here.
A ball python comes into view.
Found a stone staircase leading down.
The ball python hisses angrily.
The kobold shouts!
There is an open door here.
You hit the ball python.
The ball python is moderately wounded.
The ball python closely misses you. The ball python grabs you.
The ball python constricts you. The ball python bites you.
The ball python constricts you.
You hit the ball python.
You kill the ball python!
Trog accepts your kill.
You closely miss the kobold. The kobold hits you but does no damage.
You sock the kobold!
You kill the kobold!
Trog accepts your kill.
f - a scroll labelled COSEMO YFRACEGIR
There is an open door, spattered with blood here.
You see here a +0 whip.
A rat comes into view.
You see here 7 gold pieces.
You now have 17 gold pieces (gained 7).
The rat completely misses you.
You hit the rat.
You kill the rat!
Trog accepts your kill.
You now have 34 gold pieces (gained 17).
There is an open door here.
There is a staircase leading out of the dungeon here.
Are you sure you want to leave the Dungeon?
This will make you lose the game!
You have escaped!

##...##....# ###### .........#>
##.....#....# ##...#. .........#.
#...........###.>....
........##.##.......#.####......#
.........#..####'####.# #......#
.........##.#.......#.# ##.....#
..........#.#.8.8.8.#.###......#
..........#.#.......#..........#
............'.8.@.8.)..#.......##
........#####.......#....#......#
#.......# #.8.8.8.#...##..†...#
.######.#####.......#.#..##......
.### #†##..####+####.##.......#.
.....##.##.#.....##.#.#....#####.
........##...#...##.....#.... .
###..............###...##.....
##..................####....


There were no monsters in sight!

Vanquished Creatures
  2 hobgoblins (D:1)
  A ball python (D:1)
  A kobold (D:1)
  A rat (D:1)
5 creatures vanquished.

Notes
Turn   | Place    | Note
-------+----------+-------------------------------------------
     0 | D:1      | soylentgreeen202 the Mummy Berserker began the quest for
                  | the Orb.
     0 | D:1      | Reached XP level 1. HP: 18/18 MP: 1/1
   151 | D:$      | Safely got out of the dungeon.

Illustrated notes

Levels and vault maps discovered:
D:1:      doesnt_arrival_eight_statues, layout_rooms, minmay_misc_feat_iff

Action                     || total
---------------------------++-------
  Melee: Mace              ||    11
 Armour: Animal skin       ||     1
  Dodge: Dodged            ||     7
